 Dungeon Crawl Stone Soup version 0.29-a0-870-g2c972031a6 (webtiles) character file.

Game seed: 15061674553214068951

619 lesbiats the Conjurer (level 7, -2/58 HPs)
             Began as a Purple Draconian Conjurer on July 17, 2022.
             Killed by nerve-wracking pain
             ... invoked by an orc priest
              (6 damage)
             ... on level 5 of the Dungeon.
             The game lasted 00:22:15 (5051 turns).

lesbiats the Conjurer (Purple Draconian Conjurer)   Turns: 5051, Time: 00:22:15

Health: -2/58      AC:  7    Str:  9    XL:     7   Next: 21%
Magic:  10/14      EV: 12    Int: 19    God:
Gold:   7          SH:  0    Dex: 13    Spells: 12/15 levels left

rFire   . . .      SeeInvis .   b - +0 hand axe
rCold   . . .      Faith    .   (no shield)
rNeg    . . .      Spirit   .   (body armour unavailable)
rPois   .          Reflect  .   (helmet restricted)
rElec   .          Harm     .   (no cloak)
rCorr   .          Rampage  .   (no gloves)
Will    +....                   n - +0 pair of boots
Stlth   ++........              (no amulet)
HPRegen 0.19/turn               (no ring)
MPRegen 0.14/turn               (no ring)

@: short of breath
A: breathe power, AC +6, unfitting armour, cold-blooded, agile 1
a: Breathe Dispelling Energy


You were on level 5 of the Dungeon.
You visited 1 branch of the dungeon, and saw 5 of its levels.

You collected 195 gold pieces.
You spent 188 gold pieces at shops.

Inventory:

Hand Weapons
 b - a +0 hand axe (weapon)
Missiles
 o - 6 poisoned darts
Armour
 n - a +0 pair of boots (worn)
Wands
 l - a wand of acid (5)
 q - a wand of flame (17)
Scrolls
 c - 2 scrolls of fog {unknown}
 e - 5 scrolls of teleportation
 f - 2 scrolls of poison {unknown}
 g - 3 scrolls of amnesia {unknown}
 j - a scroll of fear {unknown}
 k - a scroll of noise {unknown}
 m - a scroll of enchant armour {unknown}
 p - a scroll of magic mapping {unknown}
Potions
 a - a potion of magic
 d - a potion of ambrosia
 h - a potion of berserk rage
 i - a potion of degeneration
 u - a potion of flight {unknown}


   Skills:
 + Level 3.8 Fighting
 - Level 2.0 Dodging
 - Level 2.0 Stealth
 + Level 4.9 Spellcasting
 * Level 6.7 Conjurations


You had 12 spell levels left.
You knew the following spells:

 Your Spells              Type           Power      Damage    Failure   Level
a - Magic Dart            Conj           100%       1d8       1%          1
b - Searing Ray           Conj           60%        2d6       1%          2

Your spell library contained the following spells:

 Spells                   Type           Power      Damage    Failure   Level
 Dazzling Flash           Conj/Hex       34%        N/A       10%         3
 Fulminant Prism          Conj/Hex       8%         3d7       30%         4
 Iskenderun's Mystic Bla  Conj/Tloc      17%        2d5       30%         4


Dungeon Overview and Level Annotations

Branches:
Dungeon (5/15)
 Temple: D:4-7

Altars:
Fedhas
Nemelex Xobeh
Vehumet

Shops:
D:1 ?


Innate Abilities, Weirdness & Mutations

You can breathe bolts of dispelling energy.
Your rich purple scales are hard. (AC +6)
You cannot fit into any form of body armour.
You are cold-blooded and may be slowed by cold attacks.
You are agile. (Dex +4, Str/Int -1)


Message History

The phantom hits you but does no damage.
You hit the phantom.
The phantom is almost destroyed.
The phantom hits you but does no damage.
You closely miss the phantom.
The phantom is almost destroyed.
The phantom hits you.
* * * LOW HITPOINT WARNING * * *
The phantom blinks!
You blink.
The phantom hits you.
* * * LOW HITPOINT WARNING * * *
The phantom blinks!
Aiming: Magic Dart (safe; 1% risk of failure)
Press: ? - help, Q - select action, (/) - cycle Shift-Dir - straight line, f/p - phantom
Aim: a phantom (almost destroyed, 100% to hit)
Okay, then.
You feel better.
A puff of flame appears from out of thin air!
The puff of flame hits you!
* * * LOW HITPOINT WARNING * * *
Magic courses through your body.
A puff of flame appears from out of thin air!
The puff of flame misses you.
Casting: Magic Dart (safe; 1% risk of failure)
Confirm with . or Enter, or press ? or * to list all spells.
Aiming: Searing Ray (safe; 1% risk of failure)
Press: ? - help, Shift-Dir - straight line, f/p - phantom
Aim: a phantom (almost destroyed, 71% to hit)
The searing ray hits something.
Reactivating autopickup.
You feel a bit more experienced.
The searing ray misses the phantom.
The searing ray misses the orc priest. (Press . to maintain the ray.)
The searing ray hits the phantom.
You destroy the phantom!
The searing ray hits the orc priest.
The orc priest is almost dead.
The searing ray misses the orc priest.
The orc priest mumbles some strange prayers to Beogh against you.
Pain shoots through your body!
You die...

.... #..# ####..# .
##.....##.
#......ยง..
#..###.... #..#
#..##
##########..###..##
#.@o....)..).<.....
##########.####..##
#.# #..# #.# #..#
#.# ... #.# ....
... .... #.. .>..


You could see an orc priest.

Vanquished Creatures
  A water moccasin (D:3)
  A black bear (D:4)
  A phantom (D:5)
  A jelly (D:5)
  Natasha (thrice) (D:4)
  2 orc wizards
  An iguana (D:4)
  6 adders
  A shadow imp (D:5)
  2 worms
  4 dart slugs
  8 orcs
  5 bats
  5 endoplasms
  3 giant cockroaches (D:1)
  8 hobgoblins
  10 jackals
  3 quokkas
  5 ball pythons
  3 frilled lizards (D:1)
  10 goblins
  3 kobolds
  3 rats
89 creatures vanquished.

Vanquished Creatures (others)
  4 plants (D:3)
4 creatures vanquished.

Grand Total: 93 creatures vanquished

Notes
Turn   | Place    | Note
-------+----------+-------------------------------------------
     0 | D:1      | lesbiats the Draconian Conjurer began the quest for the
                  | Orb.
     0 | D:1      | Reached XP level 1. HP: 14/14 MP: 3/3
   124 | D:1      | Found Kenaxt's Magic Scroll Emporium.
   303 | D:1      | Reached XP level 2. HP: 20/20 MP: 3/5
   366 | D:1      | Learned a level 2 spell: Searing Ray
   891 | D:1      | Reached XP level 3. HP: 27/27 MP: 4/6
  1321 | D:1      | Bought a scroll of identify for 26 gold pieces
  1323 | D:1      | Gained mutation: Your magical capacity is low. (-10% MP)
                  | [potion of mutation]
  1323 | D:1      | Gained mutation: You are frail. (-10% HP) [potion of
                  | mutation]
  1323 | D:1      | Gained mutation: You sometimes lose your temper in combat.
                  | [potion of mutation]
  1323 | D:1      | Lost mutation: You are frail. (-10% HP) [potion of
                  | mutation]
  1337 | D:2      | Reached skill level 1 in Fighting
  1711 | D:2      | Reached XP level 4. HP: 35/35 MP: 3/7
  2383 | D:1      | Bought a scroll of identify for 26 gold pieces
  2458 | D:3      | Found a blossoming altar of Fedhas.
  2548 | D:3      | Found a faded altar of an unknown god.
  2592 | D:3      | Reached skill level 5 in Conjurations
  2689 | D:3      | Found a sparkling altar of Nemelex Xobeh.
  2709 | D:3      | Reached XP level 5. HP: 35/41 MP: 4/8
  2841 | D:3      | Noticed a water moccasin
  2856 | D:3      | Killed a water moccasin
  3211 | D:3      | Reached XP level 6. HP: 50/50 MP: 8/9
  3433 | D:3      | Lost mutation: You sometimes lose your temper in combat.
                  | [potion of mutation]
  3433 | D:3      | Lost mutation: Your magical capacity is low. (-10% MP)
                  | [potion of mutation]
  3433 | D:3      | Gained mutation: You sometimes lose your temper in combat.
                  | [potion of mutation]
  3433 | D:3      | Gained mutation: You are resistant to electric shocks.
                  | (rElec) [potion of mutation]
  3434 | D:3      | Lost mutation: You are resistant to electric shocks.
                  | (rElec) [potion of mutation]
  3434 | D:3      | Lost mutation: You sometimes lose your temper in combat.
                  | [potion of mutation]
  3434 | D:3      | Gained mutation: You are strong-willed. (Will+) [potion of
                  | mutation]
  3434 | D:3      | Lost mutation: You are strong-willed. (Will+) [potion of
                  | mutation]
  3434 | D:3      | Gained mutation: You are agile. (Dex +4, Str/Int -1)
                  | [potion of mutation]
  3733 | D:4      | Reached skill level 6 in Conjurations
  3835 | D:4      | Noticed Natasha
  3851 | D:4      | Killed Natasha
  3956 | D:4      | Noticed Natasha
  3961 | D:4      | Killed Natasha
  3985 | D:4      | Found a radiant altar of Vehumet.
  4190 | D:4      | Noticed Natasha
  4201 | D:4      | Killed Natasha
  4768 | D:1      | Bought a scroll of blinking for 97 gold pieces
  4768 | D:1      | Bought a scroll of teleportation for 39 gold pieces
  4836 | D:5      | Entered Level 5 of the Dungeon
  4839 | D:5      | Noticed a steam dragon
  5016 | D:5      | Your scales start taking on a rich purple colour.
  5016 | D:5      | Reached XP level 7. HP: 25/57 MP: 8/14
  5051 | D:5      | Killed from afar by an orc priest

Illustrated notes

Levels and vault maps discovered:
D:1:      matt_arrival_grand_opening, layout_basic, serial_shops, shop,
          chequers_serial_rivers_large_b, st_stairs_9
D:2:      layout_basic, bh_walls_and_bars
D:3:      layout_rooms, mainiacjoe_overflow_alcove_4,
          mainiacjoe_overflow_catwalk, nicolae_ecumenical_pavilion
D:4:      layout_basic, fiery_altar_vehumet, uniq_natasha
D:5:      layout_basic, bloody_trog, mainiacjoe_overflow_concentric_impassable,
          kennysheep_little_box, temple_fountains

Skill      XL: |  1  2  3  4  5  6 |
---------------+-------------------+-----
Dodging        | 2 |  2.0
Stealth        | 2 |  2.0
Fighting       | 1 2 3 |  3.8
Conjurations   | 5 6 |  6.7
Spellcasting   | 3 4 |  4.9

Action                   |  1- 3 |  4- 6 |  7- 9 || total
-------------------------+-------+-------+-------++-------
Melee: Hand axe          |    25 |    48 |    15 ||    88
       Tailslap          |     3 |     8 |     1 ||    12
Throw: Dart              |       |     7 |       ||     7
 Cast: Magic Dart        |    56 |    80 |     2 ||   138
       Searing Ray       |     1 |    10 |     3 ||    14
 Abil: Breathe Dispellin |       |       |     2 ||     2
  Use: Scroll            |     2 |     3 |     1 ||     6
       Potion            |     1 |     2 |     4 ||     7
 Stab: Sleeping          |       |     1 |       ||     1
Armor: Skin              |    13 |    34 |    10 ||    57
Dodge: Dodged            |    22 |    62 |    12 ||    96

Table legend: (Time is in decaauts)
 A = Elapsed time spent in this place.
 B = Non-inter-level travel time spent in this place.
 C = Inter-level travel time spent in this place.
 D = Time resting spent in this place.
 E = Time spent auto-exploring this place.
 F = Levels seen in this place.
 G = Mean time per level.
                   A        B        C        D        E       F      G
               +--------+--------+--------+--------+--------+-----+--------+
         Total |   5127 |   4506 |    621 |   1771 |   2037 |   5 | 1025.4 |
       Dungeon |   5127 |   4506 |    621 |   1771 |   2037 |   5 | 1025.4 |
               +--------+--------+--------+--------+--------+-----+--------+

Top non-repeatable levels by time:
     D:1: 1393 daAuts
     D:4: 1329 daAuts
     D:3: 1218 daAuts
     D:2: 1131 daAuts
     D:5: 54 daAuts
